 Dungeon Crawl Stone Soup version 0.17.0-28-g6e173f8 (webtiles) character file.

85 septik the Twirler (level 4, -7/26 HPs)
             Began as a Gargoyle Gladiator on Nov 27, 2015.
             Killed from afar by an orc wizard (8 damage)
             ... with a magic dart
             ... on level 3 of the Dungeon.
             The game lasted 00:04:31 (1905 turns).

septik the Twirler (Gargoyle Gladiator)             Turns: 1905, Time: 00:04:31

Health: -7/26      AC: 14    Str: 19    XL:     4   Next: 48%
Magic:  4/4        EV:  8    Int:  8    God:
Gold:   122        SH:  0    Dex: 11    Spells: 0 memorised, 3 levels left

rFire  . . .     SeeInvis .     x - -2 whip (curse)
rCold  . . .     Clarity  .     v - +0 chain mail
rNeg   + . .     SustAt   .     (no shield)
rPois  ∞         Gourm    .     c - +0 helmet
rElec  +         Spirit   .     p - +1 cloak
rCorr  .         Warding  .     (no gloves)
rMut   .         Stasis   .     (no boots)
MR     .....                    q - amulet of faith
Stlth  ..........               (no ring)
                                (no ring)

@: not resistant to hostile enchantments, extremely unstealthy
A: negative energy resistance 1, electricity resistance, unbreathing,
petrification resistance, rot immunity, AC +3
a: no special abilities


You were on level 3 of the Dungeon.
You were not hungry.

You visited 1 branch of the dungeon, and saw 3 of its levels.

You collected 122 gold pieces.

Inventory:

Hand Weapons
 a - a +0 quarterstaff
 x - a cursed -2 whip (weapon)
 y - a -1 blowgun
Missiles
 d - 3 throwing nets
 g - 104 stones (quivered)
 A - 11 poisoned needles
Armour
 b - a +0 leather armour
 c - a +0 helmet (worn)
 p - a +1 cloak (worn)
 v - a +0 chain mail (worn)
Jewellery
 q - an amulet of faith (around neck)
Wands
 r - a wand of teleportation (3)
Scrolls
 k - 2 scrolls of fear {unknown}
 m - 2 scrolls of identify {unknown}
 t - a scroll of fog {unknown}
 w - a scroll of enchant armour {unknown}
Potions
 f - a potion of lignification {unknown}
 i - a potion of invisibility {unknown}
 j - a potion of flight {unknown}
 s - a potion of brilliance {unknown}
 u - a potion of mutation {unknown}
 z - a potion of agility {unknown}
Miscellaneous
 o - a plain deck of summoning
Comestibles
 e - 5 bread rations
 h - 2 chunks of flesh
 l - a royal jelly


   Skills:
 - Level 2.1 Fighting
 + Level 5.1 Staves
 - Level 1.7 Throwing
 - Level 2.4 Dodging


You had 3 spell levels left.
You didn't know any spells.

Dungeon Overview and Level Annotations

Branches:
Dungeon (3/15)

Altars:
Dithmenos
Gozag
Nemelex Xobeh

Annotations:
D:3 1 exclusion


Innate Abilities, Weirdness & Mutations

You are resistant to torment.
Your stone body is resilient (AC +3).
You are immune to poison.
You resist negative energy.
You are resistant to electric shocks.
You can survive without breathing.
You are immune to petrification.
You are immune to rotting.


Message History

You are too injured to fight recklessly!
You are too injured to fight recklessly!
You are too injured to fight recklessly!
You are too injured to fight recklessly!
You are too injured to fight recklessly!
You are too injured to fight recklessly!
You are too injured to fight recklessly!
You closely miss the orc wizard.
The orc wizard points at you and mumbles some strange words.
The magic dart hits you! Something hits you but does no damage.
You hit the orc wizard.
The orc wizard is lightly wounded.
The orc wizard mumbles some strange words.
The orc wizard blinks!
Something hits you but does no damage.
The orc wizard gestures at you while chanting.
The magic dart hits you!
* * * LOW HITPOINT WARNING * * *
The orc wizard casts a spell at you. The magic dart hits you!
You die...

##...## #.#.#
###
#..#####.#.#
#..†.....#+#
##.######.
###.# .
##.#.#
######....###
............+
###.#o@..###
#....###
##.### #.#
#o# #o# #.#


.go #.# You could see an orc wizard.

Vanquished Creatures
  3 adders
  An ooze (D:3)
  A worm (D:2)
  2 giant geckos (D:3)
  An orc (D:2)
  8 bats
  A giant cockroach (D:2)
  5 goblins
  4 hobgoblins
  2 jackals (D:1)
  7 kobolds
  A quokka (D:2)
  A ball python (D:2)
  2 giant newts (D:2)
  9 rats
48 creatures vanquished.

Notes
Turn   | Place    | Note
--------------------------------------------------------------
     0 | D:1      | septik the Gargoyle Gladiator began the quest for the Orb.
     0 | D:1      | Reached XP level 1. HP: 12/12 MP: 1/1
    80 | D:1      | Reached XP level 2. HP: 17/17 MP: 2/2
   713 | D:2      | Found a sparkling altar of Nemelex Xobeh.
   739 | D:1      | Reached skill level 4 in Staves
   801 | D:2      | Reached XP level 3. HP: 21/21 MP: 3/3
  1449 | D:3      | Reached XP level 4. HP: 26/26 MP: 4/4
  1466 | D:3      | Reached skill level 5 in Staves
  1555 | D:3      | Found an opulent altar of Gozag.
  1555 | D:3      | Found a shadowy altar of Dithmenos.
  1903 | D:3      | HP: 1/26 [orc wizard/magic dart (11)]
  1905 | D:3      | Killed from afar by an orc wizard

Action                   |  1- 3 |  4- 6 || total
-------------------------+-------+-------++-------
Melee: Quarterstaff      |   118 |    12 ||   130
       Whip              |       |    80 ||    80
Throw: Throwing net      |     1 |       ||     1
  Use: Scroll            |       |     1 ||     1
  Eat: Chunk             |     2 |     1 ||     3
